 Dungeon Crawl Stone Soup version 0.30-b1-2-g02819fbbbe (webtiles) character file.

Game seed: 6338139764744149930

9 Alarkh the Charlatan (level 2, 22/22 HPs)
             Began as a Demonspawn Artificer on July 11, 2023.
             Got out of the dungeon alive.
             The game lasted 00:00:36 (379 turns).

Alarkh the Charlatan (Demonspawn Artificer)          Turns: 379, Time: 00:00:37

Health: 22/22      AC:  5    Str: 12    XL:     2   Next: 6%
Magic:  2/2        EV: 11    Int: 12    God:
Gold:   17         SH:  0    Dex: 13    Spells: 1/1 levels left

rFire   . . .        a - +0 club
rCold   . . .        (no shield)
rNeg    . . .        b - +0 leather armour
rPois   .            (no helmet)
rElec   .            (no cloak)
rCorr   .            (no gloves)
SInv    .            (no boots)
Will    .....        (no amulet)
Stlth   +            (no ring)
HPRegen 0.23/turn    (no ring)
MPRegen 0.08/turn

%: no passive effects
@: no status effects
A: slimy green scales 1
a: no special abilities


You escaped.
You visited 1 branch of the dungeon, and saw 1 of its levels.

You collected 17 gold pieces.

Inventory:

Hand Weapons
 a - a +0 club (weapon)
Armour
 b - a +0 leather armour (worn)
Wands
 c - a wand of flame (14) (quivered)
 d - a wand of charming (15)
 e - a wand of iceblast (5)
Potions
 f - a potion of ambrosia {unknown}


   Skills:
 + Level 2.1 Fighting
 - Level 1.7 Armour
 - Level 0.8 Dodging
 - Level 0.8 Stealth
 - Level 3.0 Evocations


You had one spell level left.
You didn't know any spells.
Your spell library was empty.

Dungeon Overview and Level Annotations

Branches:
Dungeon (1/15)

Altars:


Innate Abilities, Weirdness & Mutations

You are partially covered in slimy green scales. (AC +2)


Message History

The jackal is moderately wounded.
The jackal closely misses you. The jackal misses you.
You barely miss the jackal.
The jackal is moderately wounded.
The jackal barely misses you. x2
You closely miss the jackal.
The jackal is moderately wounded.
The jackal closely misses you.
The jackal bites you but does no damage.
You barely miss the jackal.
The jackal is moderately wounded.
The jackal bites you.
You barely miss the jackal.
The jackal is moderately wounded.
The jackal barely misses you. The jackal bites you.
* * * LOW HITPOINT WARNING * * *
You hit the jackal.
The jackal is almost dead.
The jackal bites you but does no damage.
The jackal closely misses you.
You hit the jackal but do no damage.
The jackal is almost dead.
The jackal bites you but does no damage.
The jackal closely misses you.
You hit the jackal.
You kill the jackal!
You have reached level 2!
Your demonic ancestry asserts itself...
Slimy green scales grow over part of your body.
Aiming: Throw Flame
Press: ? - help, Shift-Dir - straight line, f - hobgoblin
Aim: a hobgoblin (71% to hit)
The puff of flame hits the hobgoblin!
You kill the hobgoblin!
There is a stone staircase leading down here.
You see here 5 stones.
You see here a +0 club.
There is a staircase leading out of the dungeon here.
Are you sure you want to leave the Dungeon?
This will make you lose the game!
You have escaped!

#....#♣~~~♣ ♣~~P♣
####.#♣~~~♣♣~~~♣♣~~~♣♣
##...#♣.^.♣..^.♣♣.^.P♣
#....#♣...♣P..P ♣..PP♣
.....#♣♣.♣♣♣♣.♣♣♣♣.♣♣♣♣♣♣♣
#.##)# ♣..♣♣P.......♣P.~P♣♣
...#.###..♣♣.......(..^~~8♣
...#.....P..........♣P.~P♣♣
.#.#............@...♣♣♣♣♣♣
.........PP.........♣P.~P♣♣
.(...###..♣♣P.........^~~8♣
..#..# ♣.P♣♣....)...♣P.~P♣♣
.....# ♣.♣♣♣♣.♣♣♣♣.♣♣♣♣♣♣♣
.....# P..♣P...♣♣...P♣
#..#. .^.♣..^.♣♣.^..♣ ...
♣~~~♣♣~~~♣♣~~~♣♣ ♣P~~♣♣P~~♣


There were no monsters in sight!

Vanquished Creatures
  2 endoplasms (D:1)
  A goblin (D:1)
  A hobgoblin (D:1)
  2 jackals (D:1)
  A kobold (D:1)
7 creatures vanquished.

Notes
Turn   | Place    | Note
-------+----------+-------------------------------------------
     0 | D:1      | Alarkh the Demonspawn Artificer began the quest for the
                  | Orb.
     0 | D:1      | Reached XP level 1. HP: 15/15 MP: 1/1
   261 | D:1      | Gained mutation: You are partially covered in slimy green
                  | scales. (AC +2) [demonic ancestry]
   261 | D:1      | Reached XP level 2. HP: 6/22 MP: 2/2
   379 | D:$      | Got out of the dungeon alive.

Illustrated notes

Levels and vault maps discovered:
D:1:      psy_arrival_wood_between_worlds, layout_basic

Skill      XL: |  1 |
---------------+----+-----
Fighting       | 2 |  2.1
Armour         | |  1.7
Dodging        | |  0.8
Stealth        | |  0.8
Evocations     | |  3.0

Action                     || total
---------------------------++-------
  Melee: Club              ||    32
  Evoke: Wand              ||     1
 Armour: Leather armour    ||     9
  Dodge: Dodged            ||    28
